 Seeded DCSS version 0.30.1-9-gdf580d7c3d (webtiles) character file.

Game seed: 9999666 (custom seed)

285 lonewolfV2 the Shield-Bearer (level 6, -2/48 HPs)
             Began as a Formicid Fighter on Sept 27, 2023.
             Killed by divine providence
             ... invoked by an orc priest
              (11 damage)
             ... on level 4 of the Dungeon.
             The game lasted 00:03:57 (3202 turns).

lonewolfV2 the Shield-Bearer (Formicid Fighter)     Turns: 3202, Time: 00:03:59

Health: -2/48      AC:  7    Str: 20    XL:     6   Next: 55%
Magic:  6/6        EV: 10    Int:  8    God:
Gold:   141        SH:  5    Dex: 15    Spells: 5/5 levels left

rFire   + . .        a - +0 war axe
rCold   + . .        c - +0 buckler
rNeg    . . .        b - +0 scale mail
rPois   .            (helmet unavailable)
rElec   .            h - scarf {rC+ rF+}
rCorr   .            (no gloves)
SInv    +            (no boots)
Will    .....        (no amulet) Stlth
                     (no ring)
HPRegen 0.28/turn    (no ring)
MPRegen 0.10/turn

%: no passive effects
@: no status effects
A: permanent stasis, dig shafts and tunnels, antennae 3, four strong arms
a: Dig, Shaft Self


You were on level 4 of the Dungeon.
You visited 1 branch of the dungeon, and saw 4 of its levels.

You collected 141 gold pieces.

Inventory:

Hand Weapons
 a - a +0 war axe (weapon)
Armour
 b - a +0 scale mail (worn)
 c - a +0 buckler (worn)
 h - a scarf of resistance (worn)
Jewellery
 e - a ring of willpower
Scrolls
 f - 3 scrolls of amnesia
 i - a scroll of noise {unknown}
 j - a scroll of fog {unknown}
 l - a scroll of enchant weapon {unknown}
Potions
 d - a potion of mutation {unknown}
 g - a potion of degeneration
 k - a potion of heal wounds


   Skills:
 + Level 4.0 Fighting
 + Level 4.1 Axes
 + Level 4.8 Armour
 + Level 1.2 Dodging
 + Level 0.2 Stealth
 + Level 5.1 Shields


You had 5 spell levels left.
You didn't know any spells.
Your spell library was empty.

Dungeon Overview and Level Annotations

Branches:
Dungeon (4/15)
 Temple: D:4-7

Altars:
Uskayaw
Yredelemnul

Shops:
D:1 =


Innate Abilities, Weirdness & Mutations

You cannot be hasted, slowed, berserked, paralysed or teleported.
You can dig through walls and to a lower floor.
You have a pair of large antennae on your head. (SInv)
Your four strong arms can wield two-handed weapons with a shield.


Message History

A hound comes into view.
You block the orc priest's attack. You block the orc's attack.
The orc hits you with a +0 club. The orc priest hits you with a +0 whip.
The hound moves out of view.
Unknown command.
You closely miss the orc priest. You barely miss the orc.
You hit the orc priest. You hit the orc but do no damage.
You block the orc priest's attack. The orc hits you but does no damage.
The orc hits you with a +0 club.
The orc priest mumbles some strange prayers to Beogh against you.
Beogh smites you!
Unknown command.
You hit the orc priest but do no damage.
You barely miss the orc. You closely miss the orc priest.
You barely miss the orc. You block the orc priest's attack.
The orc closely misses you. The orc hits you with a +0 club.
The orc priest invokes the aid of Beogh against you.
Beogh smites you!
* * * LOW HITPOINT WARNING * * *
The orc priest hits you with a +0 hand axe.
* * * LOW HITPOINT WARNING * * *
You block the orc's attack.
An endoplasm comes into view.
The orc priest calls upon Beogh to heal the orc.
The orc is healed somewhat.
The orc closely misses you.
The endoplasm quivers.
The hound barks!
You hit the orc priest but do no damage.
You barely miss the orc. You hit the orc priest. You completely miss the orc.
The orc priest closely misses you. The orc closely misses you.
The orc priest miscasts a cantrip.
You block the orc's attack.
You slash the orc priest!
The orc priest is heavily wounded.
You hit the orc but do no damage. x2; You barely miss the orc priest.
The hound pauses to sniff the ground.
The orc priest barely misses you. You block the orc's attack. x2
The orc priest calls down the wrath of Beogh upon you.
Beogh smites you!
You die...

############
.######..........#
.................#####
######.....#...†.....
####......⌠...#####
#.###oo......#....# #
#>$..o@...........# #
#.###.o...........# ##
#J..........### #.
#..h.....##### ...#
.........## .. #
.#........# #
#........# ...
.........# ...# ###


You could see a hound, 2 orc priests, 2 orcs and an endoplasm.

Vanquished Creatures
  An ogre (D:4)
  An orc priest (D:3)
  Terence (D:3)
  5 adders
  3 gnolls (D:3)
  2 worms
  A dart slug (D:1)
  6 orcs
  2 endoplasms (D:4)
  4 giant cockroaches
  6 goblins
  5 hobgoblins
  6 quokkas
  7 ball pythons
  6 bats
  6 kobolds
  3 rats
65 creatures vanquished.

Notes
Turn   | Place    | Note
-------+----------+-------------------------------------------
     0 | D:1      | lonewolfV2 the Formicid Fighter began the quest for the
                  | Orb.
     0 | D:1      | Reached XP level 1. HP: 18/18 MP: 1/1
   128 | D:1      | Reached XP level 2. HP: 24/24 MP: 2/2
   286 | D:1      | Found Eczoofotz's Jewellery Emporium.
   686 | D:1      | Reached XP level 3. HP: 29/29 MP: 3/3
  1332 | D:2      | Reached XP level 4. HP: 36/36 MP: 4/4
  1549 | D:2      | Reached skill level 5 in Shields
  2058 | D:3      | Reached skill level 1 in Dodging
  2058 | D:3      | Reached XP level 5. HP: 38/41 MP: 5/5
  2107 | D:3      | Found a basalt altar of Yredelemnul.
  2115 | D:3      | HP: 2/42 [gnoll/+0 spear (2)]
  2593 | D:3      | Found a hide-covered altar of Uskayaw.
  2870 | D:3      | Noticed Terence
  2882 | D:3      | Killed Terence
  3047 | D:4      | Reached XP level 6. HP: 44/48 MP: 6/6
  3088 | D:4      | Noticed an ogre
  3092 | D:4      | Killed an ogre
  3202 | D:4      | Killed from afar by an orc priest

Illustrated notes

Levels and vault maps discovered:
D:1:      erik_arrival_cave_to_civilisation [erik_arrival_cave_to_hall],
          layout_basic, serial_shops, shop, roderic_lattice_a,
          nicolae_eternal_life
D:2:      layout_basic
D:3:      layout_loops_cross, mainiacjoe_overflow_cross_hatched,
          mainiacjoe_overflow_paths, uniq_terence
D:4:      nicolae_BIG_FREAKIN_CUBE, layout_basic, serial_shops, shop,
          hangedman_feature_mirror

Skill      XL: |  1  2  3  4  5  6 |
---------------+-------------------+-----
Armour         | 4 |  4.8
Shields        | 5 |  5.1
Dodging        | 1 |  1.2
Axes           | 3 4 |  4.1
Fighting       | 4 |  4.0
Stealth        | |  0.2

Action                     |  1- 3 |  4- 6 || total
---------------------------+-------+-------++-------
  Melee: War axe           |    83 |   117 ||   200
    Use: Scroll            |     5 |     3 ||     8
         Potion            |       |     2 ||     2
 Armour: Scale mail        |    65 |    39 ||   104
  Dodge: Dodged            |    53 |    73 ||   126
  Block: Buckler           |    32 |    40 ||    72
